 Dungeon Crawl Stone Soup version 0.29-a0-337-g68df138881 (webtiles) character file.

Game seed: 11518169123174042009

1378 spaghetti the Sneak (level 8, -1/51 HPs)
             Began as an Octopode Conjurer on Apr 16, 2022.
             Was a Priest of Okawaru.
             Slain by Duvessa
             ... wielding a +0 short sword of speed
              (9 damage)
             ... on level 7 of the Dungeon.
             The game lasted 00:12:16 (7525 turns).

spaghetti the Sneak (Octopode Conjurer)             Turns: 7525, Time: 00:12:17

Health: -1/51      AC:  5    Str:  6    XL:     8   Next: 66%
Magic:  2/13       EV: 13    Int: 29    God:    Okawaru [***...]
Gold:   409        SH:  0    Dex: 10    Spells: 3/14 levels left

rFire   . . .      SeeInvis .   G - +6 club {mace}
rCold   . . .      Faith    .   (no shield)
rNeg    . . .      Spirit   .   (helmet restricted)
rPois   .          Reflect  .   j - amulet of magic regeneration {@e2}
rElec   .          Harm     .   A - ring of resist corrosion
rCorr   +          Rampage  .   F - +4 ring of protection
Will    .....                   d - +6 ring of intelligence
Stlth   ++++......              (no ring)
HPRegen 0.17/turn               (no ring)
MPRegen 0.53/turn               (no ring)
                                (no ring)
                                (no ring)

@: no status effects
A: almost no armour, amphibious, 8 rings, camouflage 1, gelatinous body 1,
(nimble swimmer 1), tentacles
a: Renounce Religion, Heroism


You were on level 7 of the Dungeon.
You worshipped Okawaru.
Okawaru was most pleased with you.
You visited 1 branch of the dungeon, and saw 7 of its levels.

You collected 409 gold pieces.


Innate Abilities, Weirdness & Mutations

You cannot wear most types of armour.
You are amphibious.
You can wear up to eight rings at the same time.
Your skin changes colour to match your surroundings (Stealth+).
Your rubbery body absorbs attacks. (AC +1, EV +1)
((You are camouflaged when in or above water. (Stealth+)))
You have tentacles for arms and can constrict up to eight enemies at once.


   Skills:
 + Level 2.9 Fighting
 + Level 3.6 Dodging
 * Level 6.5 Stealth
 + Level 2.8 Unarmed Combat
 + Level 3.8 Spellcasting
 - Level 6.0 Conjurations
 - Level 2.0 Hexes
 - Level 2.0 Summonings
 - Level 2.0 Translocations
 + Level 2.8 Ice Magic


You had 3 spell levels left.
You knew the following spells:

 Your Spells              Type           Power      Damage    Failure   Level
a - Magic Dart            Conj           100%       1d8       1%          1
b - Searing Ray           Conj           80%        2d7       1%          2
c - Fulminant Prism       Conj/Hex       14%        3d9       14%         4
d - Iskenderun's Mystic   Conj/Tloc      28%        2d7       14%         4

Your spell library contained the following spells:

 Spells                   Type           Power      Damage    Failure   Level
 Dazzling Flash           Conj/Hex       56%        N/A       4%          3
 Frozen Ramparts          Ice            42%        1d6       7%          3
 Ice Form                 Ice/Tmut       13%        N/A       36%         4
 Anguish                  Hex/Necr       5%         N/A       43%         4
 Enfeeble                 Hex            8%         N/A       100%        7
 Summon Small Mammal      Summ           Unusable   N/A       N/A         1
 Call Canine Familiar     Summ           Unusable   N/A       N/A         3
 Summon Guardian Golem    Hex/Summ       Unusable   N/A       N/A         3
 Tukima's Dance           Hex            Unusable   N/A       N/A         3
 Summon Ice Beast         Ice/Summ       Unusable   N/A       N/A         4

Inventory:

Hand Weapons
 g - a +1 dagger of venom {short}
   (You took it off an orc on level 5 of the Dungeon)
 G - a +6 club (weapon) {mace}
   (You took it off Ijyb on level 5 of the Dungeon)
Missiles
 b - 2 javelins {throwing}
 h - 13 poisoned darts {throwing}
 o - 2 throwing nets {=f!fthrowing}
 p - 158 stones {throwing}
 K - 5 boomerangs {throwing}
Magical Staves
 U - a staff of death {!astaff}
   (You found it on level 4 of the Dungeon)
Jewellery
 d - a +6 ring of intelligence (on tentacle)
   (You found it on level 5 of the Dungeon)
 j - an amulet of magic regeneration (around mantle) {@e2}
   (You found it on level 5 of the Dungeon)
 q - an amulet of guardian spirit
   (You found it on level 1 of the Dungeon)
 A - a ring of resist corrosion (left tentacle)
   (You found it on level 2 of the Dungeon)
 C - an amulet of regeneration {@e2}
   (You found it on level 2 of the Dungeon)
 F - a +4 ring of protection (right tentacle)
   (You found it on level 3 of the Dungeon)
Scrolls
 f - a scroll of fog
 l - a scroll of enchant weapon {unknown}
 m - a scroll of summoning {unknown}
 n - a scroll of noise {unknown}
 u - 2 scrolls of magic mapping {unknown}
 w - a scroll of fear {unknown}
 D - 2 scrolls of vulnerability {unknown}
 I - 3 scrolls of holy word {unknown}
 M - 2 scrolls of amnesia {unknown}
 O - a scroll of immolation {unknown}
Potions
 a - 2 potions of magic
 c - a potion of cancellation
 e - 2 potions of ambrosia
 i - 2 potions of brilliance {unknown}
 k - a potion of lignification {unknown}
 r - 2 potions of haste {unknown}
 s - 2 potions of heal wounds {unknown}
 v - 2 potions of degeneration {unknown}
 z - a potion of curing {unknown}

Dungeon Overview and Level Annotations

Branches:
Dungeon (7/15)
 Temple: D:4-7

Altars:
Okawaru
Ru
The Shining One

Shops:
D:5 *

Annotations:
D:2 Sigmund
D:3 1 runed translucent door, Cecur's ghost, weakling DsGl
D:4 3 runed translucent doors, Antichthon's ghost, amateur NaWr
D:6 exclusion: gargoyle
D:7 Dowan; Duvessa

#.#.# #.#.# #.#.####
#.#....## #.###...# # #.#
#.#.# .# #.###.#.####
######.#####
#.)...#....####..........#
#.)#######...@e5[.e..#
##....#....####.###..#
####)#.#### #.# ..# #.#.#
#.# ...# #...# #.# ...#
##.## #.# ..$.
#.[.#######.. .....
#....<....... ).....
#...#######..


You could see Duvessa, Dowan and a shadow imp.


Message History

Press: ? - help, Shift-Dir - straight line, f/p - Duvessa
Aim: Duvessa, wielding a +0 short sword of speed and wearing a +0 scale mail (100% to hit)
The magic dart hits Duvessa but does no damage.
Dowan shouts!
Casting: Magic Dart (safe; 1% risk of failure)
Confirm with . or Enter, or press ? or * to list all spells.
Aiming: Searing Ray (safe; 1% risk of failure)
Press: ? - help, Shift-Dir - straight line, f/p - Duvessa
Aim: Duvessa, wielding a +0 short sword of speed and wearing a +0 scale mail (87% to hit)
The searing ray hits Duvessa. (Press . to maintain the ray.) Dowan mumbles some strange words.
Dowan blinks! 😎 MP[-1]
You lost 1 mp, and now have 11/13 mp.
The searing ray hits Duvessa but does no damage. 😎 MP[-1]
You lost 1 mp, and now have 10/13 mp.
The searing ray hits Duvessa but does no damage.
Duvessa says, "My weaknesses are his strengths!"
The searing ray misses Duvessa.
You finish channelling your searing ray.
Duvessa hits you with a +0 short sword of speed! 😕 HP[-11] MP[-1]
You take 11 damage, and now have 40/51 hp.
MASSIVE DAMAGE!! (PAUSE)
You lost 1 mp, and now have 9/13 mp.
Casting: Searing Ray (safe; 1% risk of failure)
Confirm with . or Enter, or press ? or * to list all spells.
The spell is quite dangerous to miscast (14% risk of failure)!
Continue anyway?
Aiming: Fulminant Prism (quite dangerous; 14% risk of failure)
Press: ? - help, Dir - move target, p - Duvessa You conjure a prism of explosive energy!
A fulminant prism comes into view.
Duvessa closely misses you. 😕 MP[-3]
You lost 3 mp, and now have 6/13 mp.
Casting: Fulminant Prism (quite dangerous; 14% risk of failure)
Confirm with . or Enter, or press ? or * to list all spells.
Aiming: Searing Ray (safe; 1% risk of failure)
Press: ? - help, Shift-Dir - straight line, f - Duvessa
Aim: Duvessa, wielding a +0 short sword of speed and wearing a +0 scale mail (lightly wounded, ally target, 87% to hit)
The searing ray hits Duvessa! (Press . to maintain the ray.) Duvessa barely misses you.
A shadow imp comes into view.
Your fulminant prism crackles loudly.
Dowan mumbles some strange words.
Dowan blinks! 😕 HP[+1] MP[-2]
You lost 2 mp, and now have 4/13 mp.
The searing ray hits Duvessa but does no damage.
Duvessa completely misses you.
Duvessa hits you with a +0 short sword of speed!
The blast of energy engulfs Duvessa!
You hear a shout! 😮 HP[-8]
You take 8 damage, and now have 33/51 hp.
The searing ray hits Duvessa but does no damage.
Duvessa hits you with a +0 short sword of speed.
The shadow imp gestures at you. Pain shoots through your body!
* * * LOW HITPOINT WARNING * * *
😨 HP[-11] MP[-1]
You take 11 damage, and now have 22/51 hp.
MASSIVE DAMAGE!! (PAUSE)
You lost 1 mp, and now have 3/13 mp.
The searing ray hits Duvessa.
You finish channelling your searing ray.
Duvessa barely misses you. Duvessa misses you.
Casting: Searing Ray (safe; 1% risk of failure)
Confirm with . or Enter, or press ? or * to list all spells.
Okay, then.
You see here a +0 leather armour. 😨 MP[+1]
Casting: Searing Ray (safe; 1% risk of failure)
Confirm with . or Enter, or press ? or * to list all spells.
You don't know that spell.
Casting: Searing Ray (safe; 1% risk of failure)
Confirm with . or Enter, or press ? or * to list all spells.
The spell is quite dangerous to miscast (14% risk of failure)!
Continue anyway?
You erupt in a blast of force!
The mystic blast hits Duvessa!
Duvessa hits you but does no damage. 😨 HP[+1] MP[-4]
You lost 4 mp, and now have 0/13 mp. 😨 MP[+1] Duvessa attacks as you move away!
Duvessa hits you with a +0 short sword of speed!
* * * LOW HITPOINT WARNING * * *
😨 HP[-9]
You take 9 damage, and now have 14/51 hp.
Duvessa attacks as you move away!
Duvessa hits you with a +0 short sword of speed.
* * * LOW HITPOINT WARNING * * *
The shadow imp sputters. 😱 HP[-6] MP[+1]
You take 6 damage, and now have 8/51 hp.
Duvessa attacks as you move away!
Duvessa hits you with a +0 short sword of speed!
You die...

Skill      XL: |  1  2  3  4  5  6  7  8 |
---------------+-------------------------+-----
Stealth        | 3 4 5 6 |  6.5
Hexes          | 1 2 |  2.0
Translocations | 1 2 |  2.0
Conjurations   | 5 6 |  6.0
Ice Magic      | 1 2 |  2.8
Fighting       | 1 2 |  2.9
Unarmed Combat | 1 2 |  2.8
Summonings     | 1 2 |  2.0
Spellcasting   | 3 |  3.8
Dodging        | 3 |  3.6

Action                   |  1- 3 |  4- 6 |  7- 9 || total
-------------------------+-------+-------+-------++-------
Melee: Unarmed           |     8 |    13 |     6 ||    27
       Constrict         |     2 |     4 |     1 ||     7
       Tentacles         |     1 |     4 |     2 ||     7
       Punch             |       |     1 |       ||     1
 Cast: Magic Dart        |    61 |    98 |    39 ||   198
       Searing Ray       |       |    20 |    40 ||    60
       Iskenderun's Myst |       |       |     2 ||     2
       Fulminant Prism   |       |       |     1 ||     1
  Use: Scroll            |       |     3 |     2 ||     5
Armor: Skin              |     2 |     7 |     8 ||    17
Dodge: Dodged            |    13 |    16 |    41 ||    70

Levels and vault maps discovered:
D:1:      minmay_arrival_up_and_down, layout_basic, minmay_door_square
D:2:      layout_basic, uniq_natasha, uniq_sigmund
D:3:      layout_rooms, nicolae_ru_sacrificial_ziggurat, ebering_ghost_sewer_d,
          dreamdust_ecumenical_altar_grove
D:4:      layout_rooms, kennysheep_mini_moat, ebering_ghost_rock_garden,
          chequers_decorated_corner, uniq_blork_the_orc, uniq_robin
D:5:      layout_loops_corners, serial_shops, shop,
          ebering_dispersal_statue_hall, minmay_small_thing, uniq_ijyb
D:6:      layout_rooms, kennysheep_potato
D:7:      layout_loops_ring, minmay_temple_entry_glass, uniq_duvessa

Notes
Turn   | Place    | Note
-------+----------+-------------------------------------------
     0 | D:1      | spaghetti the Octopode Conjurer began the quest for the
                  | Orb.
     0 | D:1      | Reached XP level 1. HP: 11/11 MP: 3/3
     0 | D:1      | magus.rc [v1.9.6]
    88 | D:1      | Reached skill level 3 in Stealth
   157 | D:1      | Reached XP level 2. HP: 17/17 MP: 0/5
   352 | D:1      | You pick up a book of Rime and begin reading...
   352 | D:1      | You add the spells Frozen Ramparts, Ice Form and Summon Ice
                  | Beast to your library.
   664 | D:1      | Reached XP level 3. HP: 21/21 MP: 4/6
  1272 | D:2      | Reached skill level 1 in Hexes
  1324 | D:2      | Learned a level 2 spell: Searing Ray
  1373 | D:2      | Reached skill level 1 in Translocations
  1406 | D:2      | Reached XP level 4. HP: 27/27 MP: 4/7
  1650 | D:2      | Noticed Sigmund
  2142 | D:2      | Noticed Natasha
  2148 | D:2      | Killed Natasha
  2155 | D:2      | Reached skill level 4 in Stealth
  2330 | D:2      | Noticed Natasha
  2346 | D:2      | Killed Natasha
  2347 | D:2      | Reached XP level 5. HP: 16/31 MP: 0/8
  2949 | D:3      | Reached skill level 5 in Conjurations
  2992 | D:3      | Found a faded altar of an unknown god.
  3014 | D:3      | Prayed at the altar of an unknown god.
  3014 | D:3      | Became a worshipper of Warmaster Okawaru
  3014 | D:3      | Reached * piety under Okawaru
  3104 | D:3      | Found a sacrificial altar of Ru.
  3115 | D:3      | Learned a level 4 spell: Fulminant Prism
  3358 | D:3      | Found a runed translucent door.
  3362 | D:3      | Noticed Cecur's ghost (weakling DsGl)
  3525 | D:4      | Noticed Antichthon's ghost (amateur NaWr)
  3525 | D:4      | Found a runed translucent gate.
  3525 | D:4      | Found a runed translucent gate.
  3525 | D:4      | Found a runed translucent gate.
  3573 | D:4      | Noticed Robin
  3609 | D:4      | Noticed a phantom
  3613 | D:4      | Killed a phantom
  3614 | D:4      | Reached XP level 6. HP: 37/37 MP: 2/10
  3853 | D:4      | Reached skill level 2 in Hexes
  3921 | D:4      | Killed Robin
  4059 | D:4      | Reached skill level 1 in Ice Magic
  4252 | D:4      | Found a glowing golden altar of the Shining One.
  4257 | D:4      | You pick up a book of Callings and begin reading...
  4466 | D:4      | Reached ** piety under Okawaru
  4467 | D:4      | Reached skill level 2 in Translocations
  4487 | D:4      | Reached skill level 1 in Fighting
  4487 | D:4      | Reached skill level 1 in Unarmed Combat
  4487 | D:4      | Reached skill level 1 in Summonings
  4584 | D:4      | Reached XP level 7. HP: 43/43 MP: 7/11
  4783 | D:4      | Reached skill level 3 in Spellcasting
  4876 | D:4      | Noticed Blork the orc
  4883 | D:4      | Killed Blork the orc
  4884 | D:4      | Reached skill level 5 in Stealth
  5092 | D:4      | Learned a level 4 spell: Iskenderun's Mystic Blast
  5103 | D:5      | Entered Level 5 of the Dungeon
  5531 | D:5      | You pick up a book of Maledictions and begin reading...
  5531 | D:5      | You add the spells Anguish and Enfeeble to your library.
  5669 | D:5      | Noticed Ijyb
  5686 | D:5      | Killed Ijyb
  5687 | D:5      | Reached skill level 2 in Summonings
  5801 | D:5      | Found Utwothac's Assorted Antiques.
  6145 | D:5      | Reached skill level 3 in Dodging
  6187 | D:5      | Reached skill level 2 in Fighting
  6187 | D:5      | Reached skill level 2 in Unarmed Combat
  6187 | D:5      | Reached skill level 6 in Conjurations
  6187 | D:5      | Reached skill level 2 in Ice Magic
  6187 | D:5      | Reached XP level 8. HP: 50/50 MP: 3/12
  6227 | D:5      | HP: 12/50 [orc warrior/+0 short sword (8)]
  6813 | D:5      | Reached *** piety under Okawaru
  6903 | D:6      | Reached skill level 6 in Stealth
  7236 | D:6      | Noticed a gargoyle
  7507 | D:7      | Noticed Duvessa
  7508 | D:7      | Noticed Dowan
  7524 | D:7      | HP: 8/51 [Duvessa/+0 short sword of speed (6)]
  7525 | D:7      | Slain by Duvessa

Vanquished Creatures
  An orc warrior (D:5)
  A black bear (D:6)
  2 ogres (D:4)
  A phantom (D:4)
  Blork the orc (D:4)
  A kobold brigand (D:5)
  A bullfrog (D:6)
  2 scorpions
  A jelly (D:6)
  Ijyb (D:5)
  2 orc priests
  4 iguanas
  2 orc wizards
  Natasha (twice) (D:2)
  Robin (D:4)
  11 adders
  6 gnolls
  A white imp (D:5)
  2 ufetubi (D:6)
  3 worms
  3 dart slugs
  17 orcs
  2 bats
  7 endoplasms
  2 giant cockroaches
  13 goblins
  5 hobgoblins
  4 jackals (D:1)
  4 quokkas
  4 ball pythons
  A frilled lizard (D:1)
  10 kobolds
  6 rats
124 creatures vanquished.

Vanquished Creatures (others)
  A fulminant prism (D:7)
  2 fungi (D:3)
3 creatures vanquished.

Grand Total: 127 creatures vanquished

Table legend:
 A = Non-vault XP
 B = Vault XP
 C = Vault XP percentage of total XP
 D = Non-vault monster count
 E = Vault monster count
 F = Vault count percentage of total count
                 A         B        C        D         E       F
            +---------+---------+-------+---------+---------+-------
      Total |    1515 |     454 |  23.1 |     110 |      14 |  11.3
            +---------+---------+-------+---------+---------+-------
        D:1 |      49 |       0 |   0.0 |      26 |       0 |   0.0
        D:2 |     114 |      35 |  23.5 |      16 |       1 |   5.9
        D:3 |      78 |       6 |   7.1 |      17 |       3 |  15.0
        D:4 |     521 |     128 |  19.7 |      17 |       7 |  29.2
        D:5 |     332 |     285 |  46.2 |      13 |       3 |  18.8
        D:6 |     378 |       0 |   0.0 |      18 |       0 |   0.0
        D:7 |      43 |       0 |   0.0 |       3 |       0 |   0.0
            +---------+---------+-------+---------+---------+-------

Illustrated notes

Table legend:
 A = Kills in this place as a percentage of kills in entire the game.
 B = Kills by you in this place as a percentage of kills by you in the entire game.
 C = Kills by friends in this place as a percentage of kills by friends in the entire game.
 D = Other kills in this place as a percentage of other kills in the entire game.
 E = Experience gained in this place as a percentage of experience gained in the entire game.
 F = Experience gained in this place divided by the number of levels of this place that you have seen.
                   A       B       C       D       E      F
               +-------+-------+-------+-------+-------+----------------------
         Total | 100.0 | 100.0 |   N/A |   N/A | 100.0 | 281.3
       Dungeon | 100.0 | 100.0 |   N/A |   N/A | 100.0 | 281.3
               +-------+-------+-------+-------+-------+----------------------

Table legend: (Time is in decaauts)
 A = Elapsed time spent in this place.
 B = Non-inter-level travel time spent in this place.
 C = Inter-level travel time spent in this place.
 D = Time resting spent in this place.
 E = Time spent auto-exploring this place.
 F = Levels seen in this place.
 G = Mean time per level.
                   A        B        C        D        E       F      G
               +--------+--------+--------+--------+--------+-----+--------+
         Total |   7531 |   7271 |    260 |    957 |   5430 |   7 | 1075.9 |
       Dungeon |   7531 |   7271 |    260 |    957 |   5430 |   7 | 1075.9 |
               +--------+--------+--------+--------+--------+-----+--------+

Top non-repeatable levels by time:
     D:5: 1643 daAuts
     D:2: 1566 daAuts
     D:4: 1409 daAuts
     D:1: 1221 daAuts
     D:3: 994 daAuts
     D:6: 614 daAuts
     D:7: 80 daAuts
